 Dungeon Crawl Stone Soup version 0.22.0-49-gab54619674 (webtiles) character file.

91 JedernureinKreuz the Conjurer (level 4, -7/32 HPs)
             Began as a Gnoll Conjurer on Sept 8, 2018.
             Mangled by Sigmund
             ... wielding a +0 scythe
              (14 damage)
             ... on level 2 of the Dungeon.
             The game lasted 00:08:25 (1202 turns).

JedernureinKreuz the Conjurer (Gnoll Conjurer)      Turns: 1202, Time: 00:08:25

Health: -7/32      AC:  7    Str: 10    XL:     4   Next: 57%
Magic:  5/11       EV: 15    Int: 18    God:
Gold:   60         SH:  0    Dex: 16    Spells: 12/13 levels left

rFire    . . .     SeeInvis .   d - +0 short sword
rCold    . . .     Gourm    .   (no shield)
rNeg     + . .     Faith    .   a - +0 robe
rPois    .         Spirit   .   (no helmet)
rElec    .         Reflect  .   (no cloak)
rCorr    .         Harm     .   (no gloves)
MR       .....                  i - +0 pair of boots
Stlth    +++.......             (no amulet)
HPRegen  0.10/turn              k - +4 ring of protection
MPRegen  0.12/turn              r - ring of positive energy

@: no status effects
A: distributed training, fangs 1, strong nose
a: no special abilities


You were on level 2 of the Dungeon.
You were not hungry.

You visited 1 branch of the dungeon, and saw 2 of its levels.

You collected 60 gold pieces.

Inventory:

Hand Weapons
 d - a +0 short sword (weapon)
 n - a cursed -2 spear
Missiles
 b - 34 stones (quivered)
 g - 16 arrows
Armour
 a - a +0 robe (worn)
 i - a +0 pair of boots (worn)
 j - a +0 large shield
Jewellery
 k - a +4 ring of protection (left hand)
 r - a ring of positive energy (right hand)
Scrolls
 l - a scroll of remove curse {unknown}
 m - a scroll of identify {unknown}
 o - a scroll of blinking {unknown}
 p - a scroll of fear {unknown}
 t - a scroll of enchant armour {unknown}
Potions
 e - a potion of lignification {unknown}
 f - a potion of magic {unknown}
 h - a potion of curing {unknown}
 q - a potion of ambrosia {unknown}
Comestibles
 c - 3 rations
 s - 2 chunks of flesh


   Skills:
 + Level 1.1 Fighting
 + Level 1.1 Short Blades
 + Level 1.1 Long Blades
 + Level 1.1 Axes
 + Level 1.1 Maces & Flails
 + Level 1.1 Polearms
 + Level 1.1 Staves
 + Level 1.1 Slings
 + Level 1.1 Bows
 + Level 1.1 Crossbows
 + Level 1.1 Throwing
 + Level 1.1 Armour
 + Level 4.6 Dodging
 + Level 4.2 Stealth
 + Level 1.1 Shields
 + Level 1.1 Unarmed Combat
 + Level 5.1 Spellcasting
 + Level 7.1 Conjurations
 + Level 0.9 Hexes
 + Level 0.9 Charms
 + Level 0.9 Summonings
 + Level 0.9 Necromancy
 + Level 0.9 Translocations
 + Level 0.9 Transmutations
 + Level 0.9 Fire Magic
 + Level 0.9 Ice Magic
 + Level 0.9 Air Magic
 + Level 0.9 Earth Magic
 + Level 0.9 Poison Magic
 + Level 1.2 Invocations
 + Level 1.1 Evocations


You had 12 spell levels left.
You knew the following spells:

 Your Spells              Type           Power        Failure   Level  Hunger
a - Magic Dart            Conj           ####         1%          1    None

Your spell library contained the following spells:

 Spells                   Type           Power        Failure   Level  Hunger
 Searing Ray              Conj           ####..       1%          2    #......
 Iskenderun's Mystic Bla  Conj           ####....     7%          4    ####...
 Dazzling Spray           Conj/Hex       ###...       8%          3    ##.....
 Force Lance              Conj/Tloc      ###.....     26%         4    ####...
 Fulminant Prism          Conj/Hex       ###.......   26%         4    ####...


Dungeon Overview and Level Annotations

Branches:
Dungeon (2/15)

Altars:
Gozag

Shops:
D:2 *

Annotations:
D:2 Sigmund


Innate Abilities, Weirdness & Mutations

Your experience applies equally to all skills.
You have very sharp teeth.
Your uncanny sense of smell can sniff out nearby items.


Message History

You kill the goblin!
Sigmund hits you but does no damage.
Casting: Magic Dart (safe; 1% risk of failure)
Confirm with . or Enter, or press ? or * to list all spells.
Aiming: Magic Dart (safe; 1% risk of failure)
Press: ? - help, Shift-Dir - straight line, f/p - Sigmund
Aim: Sigmund, wielding a scythe and wearing a runed robe (moderately wounded)
The magic dart hits Sigmund.
Sigmund is heavily wounded.
Sigmund mumbles some strange words.
Sigmund flickers and vanishes!
Deactivating autopickup; reactivate with Ctrl-A.
Casting: Magic Dart (safe; 1% risk of failure)
Confirm with . or Enter, or press ? or * to list all spells.
You can't see any susceptible monsters within range! (Use Z to cast anyway.) Take off which item? (? for menu, Esc to quit)
Okay, then.
Something hits you but does no damage. Something hits you!
You die...

....##### .##.....#
..#####.########## ..#
#..........## ..#
#.........).#### ..#
###..............#
.........>.....≈≈$≈≈.#
..#####........≈...≈.#
..# #........≈@_.≈.#
... #.......≈≈...≈≈#
#.# #.......≈.....≈#
.#...)...≈.⌠.⌠.≈#
#.........≈..∩..≈#
#<....##.#≈.⌠.⌠.≈#
....###...≈.....≈#
.#.. #...≈≈≈≈≈≈≈# ...
#.......####


There were no monsters in sight!

Vanquished Creatures
  3 gnolls
  An adder (D:2)
  A worm (D:2)
  A dart slug (D:1)
  2 leopard geckos (D:1)
  A giant cockroach (D:1)
  10 goblins
  4 hobgoblins (D:1)
  3 jackals (D:1)
  7 bats
  5 frilled lizards
  2 kobolds (D:2)
  8 rats
48 creatures vanquished.

Notes
Turn   | Place    | Note
-------+----------+-------------------------------------------
     0 | D:1      | JedernureinKreuz the Gnoll Conjurer began the quest for the
                  | Orb.
     0 | D:1      | Reached XP level 1. HP: 13/13 MP: 6/6
    93 | D:1      | Reached XP level 2. HP: 15/19 MP: 1/7
   394 | D:1      | Reached XP level 3. HP: 25/25 MP: 2/9
   494 | D:1      | Reached skill level 5 in Spellcasting
   719 | D:2      | Reached skill level 1 in Invocations
   723 | D:2      | Noticed Sigmund
   976 | D:1      | Reached skill level 1 in Fighting
   976 | D:1      | Reached skill level 1 in Short Blades
   976 | D:1      | Reached skill level 1 in Long Blades
   976 | D:1      | Reached skill level 1 in Axes
   976 | D:1      | Reached skill level 1 in Maces & Flails
   976 | D:1      | Reached skill level 1 in Polearms
   976 | D:1      | Reached skill level 1 in Staves
   976 | D:1      | Reached skill level 1 in Slings
   976 | D:1      | Reached skill level 1 in Bows
   976 | D:1      | Reached skill level 1 in Crossbows
   976 | D:1      | Reached skill level 1 in Throwing
   976 | D:1      | Reached skill level 1 in Armour
   976 | D:1      | Reached skill level 1 in Shields
   976 | D:1      | Reached skill level 1 in Unarmed Combat
   976 | D:1      | Reached skill level 1 in Evocations
   976 | D:1      | Reached XP level 4. HP: 24/32 MP: 7/11
  1114 | D:2      | Found an opulent altar of Gozag.
  1114 | D:2      | Found Gozag's Platinum Reserve.
  1202 | D:2      | Mangled by Sigmund

Skill      XL: |  1  2  3 |
---------------+----------+-----
Spellcasting   | 5 |  5.1
Invocations    | 1 |  1.2
Fighting       | 1 |  1.1
Short Blades   | 1 |  1.1
Long Blades    | 1 |  1.1
Axes           | 1 |  1.1
Maces & Flails | 1 |  1.1
Polearms       | 1 |  1.1
Staves         | 1 |  1.1
Slings         | 1 |  1.1
Bows           | 1 |  1.1
Crossbows      | 1 |  1.1
Throwing       | 1 |  1.1
Armour         | 1 |  1.1
Shields        | 1 |  1.1
Unarmed Combat | 1 |  1.1
Evocations     | 1 |  1.1
Dodging        | |  4.6
Stealth        | |  4.2
Conjurations   | |  7.1
Hexes          | |  0.9
Charms         | |  0.9
Summonings     | |  0.9
Necromancy     | |  0.9
Translocations | |  0.9
Transmutations | |  0.9
Fire Magic     | |  0.9
Ice Magic      | |  0.9
Air Magic      | |  0.9
Earth Magic    | |  0.9
Poison Magic   | |  0.9

Action                   |  1- 3 |  4- 6 || total
-------------------------+-------+-------++-------
Melee: Short sword       |    39 |     7 ||    46
       Bite              |     1 |     1 ||     2
 Cast: Magic Dart        |    55 |    21 ||    76
 Stab: Sleeping          |     3 |       ||     3
  Eat: Chunk             |       |     1 ||     1
Armor: Robe              |    12 |     7 ||    19
Dodge: Dodged            |    65 |     6 ||    71
